 Dungeon Crawl Stone Soup version 0.31-a0-620-gd1cbd99268 (webtiles) character file.

Game seed: 3368595087266479555

4781 Demosthentine the Trooper (level 10, -1/108 HPs)
             Began as a Demonspawn Gladiator on Aug 23, 2023.
             Was a Follower of Hepliaklqana.
             Slain by a wyvern (7 damage)
             ... on level 8 of the Dungeon.
             The game lasted 00:09:57 (9159 turns).

Demosthentine the Trooper (Demonspawn Gladiator)    Turns: 9159, Time: 00:09:58

Health: -1/108     AC:  9    Str: 17    XL:     10   Next: 23%
Magic:  11/11      EV: 16    Int: 10    God:    Hepliaklqana [*.....]
Gold:   543        SH:  0    Dex: 16    Spells: 9/9 levels left

rFire   . . .        a - +0 trident
rCold   . . .        (no shield)
rNeg    . . .        m - +0 steam dragon scales
rPois   .            (helmet restricted)
rElec   .            (no cloak)
rCorr   .            v - +0 pair of gloves
SInv    .            D - +0 pair of boots
Will    .....        (no amulet) Stlth
                     i - +4 ring of slaying
HPRegen 0.38/turn    (no ring)
MPRegen 0.12/turn

%: no passive effects
@: berserking, very quick
A: reduced essence, horns 1, powered by pain 1, condensation shield
a: Renounce Religion, Recall Ancestor, Ancestor Identity


You were on level 8 of the Dungeon.
You worshipped Hepliaklqana.
Hepliaklqana was aware of your devotion.
You visited 2 branches of the dungeon, and saw 10 of its levels.

You collected 554 gold pieces.
You spent 11 gold pieces at shops.

Inventory:

Hand Weapons
 a - a +0 trident (weapon)
Missiles
 d - a throwing net (quivered)
 e - a javelin
Armour
 m - +0 steam dragon scales (worn)
 v - a +0 pair of gloves (worn)
 D - a +0 pair of boots (worn)
Jewellery
 g - a ring of flight
 i - a +4 ring of slaying (left hand)
Talismans
 r - a flux talisman
Wands
 o - a wand of digging (7)
 p - a wand of flame (23)
Scrolls
 b - 4 scrolls of identify
 h - 9 scrolls of poison
 l - a scroll of fog
 n - 4 scrolls of enchant armour
 s - 3 scrolls of teleportation
 u - a scroll of blinking
 y - 4 scrolls of silence
 A - a scroll of revelation
Potions
 c - 2 potions of mutation
 f - a potion of magic
 j - 2 potions of lignification
 k - 2 potions of cancellation
 q - a potion of enlightenment
 t - a potion of resistance
 w - a potion of berserk rage
 x - a potion of brilliance
 z - a potion of ambrosia
 B - a potion of attraction
 C - a potion of invisibility


   Skills:
 + Level 7.8 Fighting
 + Level 7.4 Polearms
 - Level 1.7 Throwing
 - Level 6.5 Armour
 + Level 7.4 Dodging
 + Level 2.2 Invocations


You had 9 spell levels left.
You didn't know any spells.
Your spell library contained the following spells:

 Spells                   Type           Power      Damage    Failure   Level
 Apportation              Tloc           0%         N/A       36%         1
 Necrotise                Necr           0%         1d4       36%         1
 Summon Small Mammal      Summ           0%         N/A       36%         1
 Cigotuvi's Dreadful Rot  Necr/Pois/Air  0%         N/A       50%         2
 Ensorcelled Hibernation  Hex/Ice        0%         N/A       50%         2
 Passwall                 Tmut/Erth      0%         N/A       50%         2
 Ignite Poison            Fire/Tmut/Pois 0%         N/A       75%         3
 Portal Projectile        Hex/Tloc       0%         N/A       75%         3
 Stone Arrow              Conj/Erth      0%         3d7       75%         3
 Swiftness                Air            0%         N/A       75%         3
 Tukima's Dance           Hex            0%         N/A       75%         3
 Vampiric Draining        Necr           0%         2d6       75%         3
 Animate Armour           Summ/Erth      0%         N/A       98%         4
 Iskenderun's Mystic Bla  Conj/Tloc      0%         2d3       98%         4
 Agony                    Necr           0%         N/A       100%        5
 Freezing Cloud           Conj/Ice/Air   0%         6-21      100%        5
 Iskenderun's Battlesphe  Conj           0%         2d6       100%        5
 Leda's Unmaking          Conj/Erth      0%         9d1       100%        6
 Spellforged Servitor     Conj/Summ      0%         N/A       100%        7
 Lehudib's Crystal Spear  Conj/Erth      0%         10d2      100%        8


Dungeon Overview and Level Annotations

Branches:
Dungeon (9/15)             Temple (1/1) D:7
   Lair: D:8-11         Orc: D:9-12

Altars:
Ashenzari
Cheibriados
Fedhas
Gozag
Hepliaklqana
Makhleb
Nemelex Xobeh
Qazlal
Ru
Sif Muna
Uskayaw
Vehumet
Xom
Yredelemnul

Shops:
D:1 !([   D:2 [   D:8 (


Innate Abilities, Weirdness & Mutations

Your life essence is reduced to manifest your ancestor. (-10% HP)
You have a pair of small horns on your head.
You sometimes gain a little power by taking damage.
A meltable shield of frost defends you. (SH +0)


Message History

You feel sick.
The gnoll sergeant is no longer moving quickly.
The gnoll sergeant attacks as it pursues you!
The gnoll sergeant misses you. The water moccasin barely misses you.
You feel sick.
The water moccasin attacks as it pursues you!
The water moccasin closely misses you. The water moccasin bites you.
You are more poisoned.
The water moccasin poisons you! The wyvern closely misses you.
There is a stone staircase leading up here.
You feel very sick.
The water moccasin bites you but does no damage.
The gnoll sergeant hits you from afar with a +2 spear of flaming.
* * * LOW HITPOINT WARNING * * *
Your condensation shield dissipates!
The gnoll sergeant burns you.
* * * LOW HITPOINT WARNING * * *
The wyvern closely misses you. The water moccasin barely misses you.
The water moccasin bites you.
* * * LOW HITPOINT WARNING * * *
You climb upwards.
* * * LOW HITPOINT WARNING * * *
You feel very sick.
There is a stone staircase leading down here.
Blink to where?
Press: ? - help, Dir - move target
As you read the scroll of blinking, it crumbles to dust.
* * * LOW HITPOINT WARNING * * *
You feel sick.
You feel better.
Unknown command.
Items here: ))) [[.
Unknown command.
A red film seems to cover your vision as you go berserk!
You feel yourself moving faster!
You feel mighty! The wyvern bites you!
* * * LOW HITPOINT WARNING * * *
You puncture the wyvern! You headbutt the wyvern.
The wyvern is moderately wounded.
The wyvern bites you!
You die...

.....## #..# #...#
##..># ##..# ##..###
####### ##..## ###..#
##...## ###...## #..#
# #.....## #...#..##
#.## ###.###..#
#..####.#####.##
.#..# #.## #<.#
##..)##..# .).## #.#
##.## ##.....###
...## #.#
##@###......>#
....###.##
##l#..S.....##
.##..#...#
##S[........#
####....##
##[..'####### #
###.## ###
#....#....≈# ###
##.####....#....≈#
#..........#....≈#
##..###.....#≈≈≈≈≈##
##.#####.....######'#


You could see a water moccasin and a wyvern.

Vanquished Creatures
  Pikel (D:7)
  A shadow (D:5)
  Sigmund (D:3)
  6 yaks
  A steam dragon (D:7)
  2 acid dragons (D:8)
  3 water moccasins
  An orc warrior (D:8)
  An ice beast (D:7)
  6 centaurs
  An ogre (D:4)
  4 lemures (D:7)
  A phantom (D:5)
  A bullfrog (D:8)
  4 scorpions
  8 wights
  An oklob sapling (D:7)
  A howler monkey (D:6)
  A crimson imp (D:3)
  2 orc priests
  3 jellies
  A gnoll bouda (D:9)
  3 hounds
  Terence (D:3)
  4 iguanas
  5 orc wizards
  13 gnolls
  8 adders
  A shadow imp (D:5)
  A white imp (D:7)
  An ufetubus (D:5)
  2 worms
  14 orcs
  6 endoplasms
  2 giant cockroaches
  6 goblins
  7 hobgoblins
  2 jackals (D:3)
  8 quokkas
  7 ball pythons
  6 bats
  4 frilled lizards
  A goblin skeleton (D:3)
  3 goblin zombies (D:3)
  3 hobgoblin zombies (D:3)
  10 kobolds
  2 kobold skeletons (D:3)
  A kobold zombie (D:3)
  An orc skeleton (D:3)
  3 rats
176 creatures vanquished.

Vanquished Creatures (collateral kills)
  A gnoll (D:9)
1 creature vanquished.

Vanquished Creatures (others)
  An ancestor (D:9)
1 creature vanquished.

Grand Total: 178 creatures vanquished

Notes
Turn   | Place    | Note
-------+----------+-------------------------------------------
     0 | D:1      | Demosthentine the Demonspawn Gladiator began the quest for
                  | the Orb.
     0 | D:1      | Reached XP level 1. HP: 16/16 MP: 1/1
    59 | D:1      | Found Neroqoqe's Weapon Emporium.
   107 | D:1      | Found Byfib's Armour Boutique.
   239 | D:1      | Gained mutation: You sometimes gain a little power by
                  | taking damage. [demonic ancestry]
   239 | D:1      | Reached XP level 2. HP: 22/22 MP: 2/2
   448 | D:1      | Found Oquckoer's Distillery.
   459 | D:1      | Bought a potion of degeneration for 11 gold pieces
   745 | D:2      | Reached skill level 1 in Armour
   745 | D:2      | Reached XP level 3. HP: 17/28 MP: 3/3
   794 | D:2      | Found Leuvaet's Armour Emporium.
  1471 | D:2      | Identified the +6 hand axe "Widowmaker" {heavy, rElec rC++
                  | Will+}
  1500 | D:3      | Found a snail-covered altar of Cheibriados.
  1528 | D:3      | Reached XP level 4. HP: 12/34 MP: 4/4
  1746 | D:3      | Noticed Terence
  1752 | D:3      | Gained mutation: A meltable shield of frost defends you.
                  | (SH +0) [demonic ancestry]
  1752 | D:3      | Reached XP level 5. HP: 33/41 MP: 5/5
  1770 | D:3      | Killed Terence
  2353 | D:3      | Noticed Sigmund
  2362 | D:3      | Killed Sigmund
  2363 | D:3      | Gained mutation: You have a pair of small horns on your
                  | head. [demonic ancestry]
  2363 | D:3      | Reached XP level 6. HP: 30/48 MP: 6/6
  2431 | D:3      | Found a faded altar of an unknown god.
  3005 | D:4      | Reached XP level 7. HP: 53/54 MP: 7/7
  3260 | D:5      | Entered Level 5 of the Dungeon
  3429 | D:5      | Noticed a shadow
  3440 | D:5      | Killed a shadow
  3794 | D:5      | Reached skill level 5 in Polearms
  3794 | D:5      | Reached skill level 5 in Dodging
  3794 | D:5      | Reached XP level 8. HP: 46/61 MP: 8/8
  3909 | D:5      | Reached skill level 5 in Fighting
  4184 | D:5      | Found a burning altar of Makhleb.
  5317 | D:6      | Reached skill level 5 in Armour
  5342 | D:5      | Reached XP level 9. HP: 23/69 MP: 9/9
  6989 | D:7      | Found a staircase to the Ecumenical Temple.
  7122 | Temple   | Entered the Ecumenical Temple
  7128 | Temple   | Became a worshipper of Hepliaklqana the Forgotten
  7300 | D:7      | Noticed Pikel
  7347 | D:7      | Killed Pikel
  7348 | D:7      | Reached XP level 10. HP: 30/79 MP: 10/10
  7774 | D:8      | Reached skill level 1 in Invocations
  7963 | D:8      | Found Unkat's Weapon Shoppe.
  9071 | D:8      | Reached * piety under Hepliaklqana
  9153 | D:8      | HP: 3/72 [poisoned by a water moccasin]
  9158 | D:8      | HP: 5/108 [wyvern (9)]
  9159 | D:8      | Slain by a wyvern

Illustrated notes

Levels and vault maps discovered:
D:1:      minmay_arrival_cross, layout_rooms, serial_shops,
          nicolae_diamond_shop, nicolae_shop_trees, shop,
          nicolae_figureground_pulse
D:2:      layout_basic, serial_shops, shop, kennysheep_potato
D:3:      layout_loops_ring, nicolae_tso_besieged_by_evil,
          mainiacjoe_overflow_concentric_impassable, basic_ecumenical_altar,
          uniq_sigmund, uniq_terence
D:4:      layout_cave_pods
D:5:      layout_layer_cave, lemuel_coloured_pillars_altar
D:6:      layout_loops_ring
D:7:      layout_cave_pools, minmay_temple_entry_oklob, uniq_pikel
D:8:      layout_layer_cave, serial_shops, nicolae_shop_stone,
          chequers_serial_rivers_room_a
D:9:      layout_big_octagon, trog_hazing_becter, okawaru_altar_gauntlet_db,
          nicolae_elyvilon_peaceful_grove, mainiacjoe_overflow_big_doors,
          minmay_lair_entry_grove, orc_0_dummy
Temple:   compressed_dpeg_triangle_lava_temple

Skill      XL: |  1  2  3  4  5  6  7  8  9 10 |
---------------+-------------------------------+-----
Polearms       | 3 4 5 6 7 |  7.4
Armour         | 1 2 3 4 5 6 |  6.5
Dodging        | 3 4 5 6 7 |  7.4
Fighting       | 3 4 6 7 |  7.8
Invocations    | 2 |  2.2
Throwing       | |  1.7

Action                     |  1- 3 |  4- 6 |  7- 9 | 10-12 || total
---------------------------+-------+-------+-------+-------++-------
  Melee: Trident           |    92 |   138 |   318 |    61 ||   609
         Punch             |       |     1 |     2 |     1 ||     4
         Headbutt          |       |     5 |    72 |    11 ||    88
  Throw: Throwing net      |       |     3 |     1 |       ||     4
    Use: Scroll            |     8 |     2 |     7 |     6 ||    23
         Potion            |     2 |     2 |     1 |     2 ||     7
   Stab: Sleeping          |     2 |     2 |     1 |       ||     5
         Invisible         |       |     1 |       |       ||     1
         Held in net/web   |       |       |     2 |       ||     2
 Armour: Leather armour    |    28 |    25 |    24 |       ||    77
         Steam dragon scal |       |       |    13 |    13 ||    26
  Dodge: Dodged            |    58 |    75 |   167 |    57 ||   357
  Block: Other             |       |     9 |    46 |    12 ||    67

Table legend: (Time is in decaauts)
 A = Elapsed time spent in this place.
 B = Non-inter-level travel time spent in this place.
 C = Inter-level travel time spent in this place.
 D = Time resting spent in this place.
 E = Time spent auto-exploring this place.
 F = Levels seen in this place.
 G = Mean time per level.
                   A        B        C        D        E       F      G
               +--------+--------+--------+--------+--------+-----+--------+
         Total |   9187 |   8903 |    284 |    836 |   6673 |  10 |  918.7 |
       Dungeon |   9173 |   8889 |    284 |    836 |   6673 |   9 | 1019.2 |
        Temple |     13 |     13 |      0 |      0 |      0 |   1 |   13.0 |
               +--------+--------+--------+--------+--------+-----+--------+

Top non-repeatable levels by time:
     D:5: 2261 daAuts
     D:8: 1375 daAuts
     D:6: 1176 daAuts
     D:7: 1035 daAuts
     D:3: 991 daAuts
     D:2: 882 daAuts
     D:4: 785 daAuts
     D:1: 629 daAuts
     D:9: 36 daAuts
  Temple: 13 daAuts
